Cogmind - Beta 14 @@@ ROGUE MODE // 2024.08.18 @ 10:57:40 Player: Mallow Result: Destroyed by as-93706 with Assembled Heavy Rifle Performance ------------- Evolutions (0) 0 Regions Visited (2) 400 Robots Destroyed (4) 20 Value Destroyed (93) 93 Prototype IDs (2) 40 Alien Tech Used (0) 0 Bonus (0) 0 TOTAL SCORE: 553 Bonus ------- None Cogmind --------- Core Integrity 0/250 Matter 183/300 Energy 100/100 System Corruption 2% Temperature Cool (20) Movement Treading (160) Location -10/Mines Parts ------- > --- POWER (1) -------- (None) > --- PROPULSION (2) --- Light Treads Light Treads > --- UTILITY (2) ------ Large Storage Unit Medium Armor Plating > --- WEAPON (2) ------- Assault Rifle Rocket Launcher > --- INVENTORY (15) --- Light Ion Engine Large Storage Unit Structural Scanner Improved Terrain Scanner Terrain Scan Processor Medium Armor Plating Medium Armor Plating Assault Rifle Rocket Launcher Rocket Launcher Peak State ------------ > --- POWER ------------ Light Ion Engine > --- PROPULSION ------- Light Treads Light Treads > --- UTILITY ---------- Large Storage Unit Targeting Computer > --- WEAPON ----------- Assault Rifle Rocket Launcher > --- INVENTORY -------- Light Ion Engine Large Storage Unit Structural Scanner Improved Terrain Scanner Terrain Scan Processor Assault Rifle Rocket Launcher Rocket Launcher [Rating: 9] Favorites ----------- Power Ion Engine Engine Ion Engine Propulsion Light Treads Treads Light Treads Utility Targeting Computer Storage Large Storage Unit Processor Targeting Computer Protection Medium Armor Plating Weapon Assault Rifle Ballistic Gun Assault Rifle Launcher Grenade Launcher Build | -11 -10 -10 ------- Run | Yrd Mat Min Slots Evolved . | . . . Power . | . . . Propulsion . | . . . Utility . | . . . Weapon . | . . . Parts Attached 13 | 5 7 1 Power 2 | 1 1 . Engine 2 | 1 1 . Core . | . . . Reactor . | . . . Propulsion 2 | 2 . . Treads 2 | 2 . . Leg . | . . . Wheel . | . . . Hover . | . . . Flight . | . . . Utility 4 | . 3 1 Device . | . . . Storage 1 | . 1 . Processor 2 | . 2 . Hackware . | . . . Protection 1 | . . 1 Artifact . | . . . Weapon 5 | 2 3 . Energy Gun . | . . . Energy Cannon . | . . . Ballistic Gun 3 | 2 1 . Ballistic Cannon . | . . . Launcher 2 | . 2 . Special Weapon . | . . . Impact Weapon . | . . . Slashing Weapon . | . . . Piercing Weapon . | . . . Special Melee Weapon . | . . . Unidentified Prototypes . | . . . Parts Lost 2 | . . 2 Power 1 | . . 1 Propulsion . | . . . Utility 1 | . . 1 Weapon . | . . . Highest Loss Streak 2 | . . 2 To Critical Strikes . | . . . Average Slot Usage (%) 94 | . 94 100 Engine 14 | . 14 14 Treads 28 | . 28 28 Storage 8 | . 8 14 Processor 14 | . 14 14 Ballistic Gun 18 | . 18 14 Launcher 9 | . 9 14 Peak Build Rating 9 | 5 9 9 Average Rating 6 | 4 6 8 On Entrance 4 | . 5 9 Naked Turns . | . . . Heaviest Build 30 | 9 30 29 Greatest Support 40 | 40 40 40 Greatest Overweight (x) . | . . . Average Overweight (x) . | . . . Largest Inventory Capacity 15 | 5 15 15 Average Capacity 9 | 5 11 15 Most Carried 11 | 4 11 11 Average Carried 4 | 1 5 10 Final Capacity 15 | 5 15 15 Final Carried 11 | 2 11 10 Class Distribution -------------------- 100% | Mutant Dominant Class ---------------- Mutant | -10/Materials Mutant | -10/Mines Resources | -11 -10 -10 ----------- Run | Yrd Mat Min Matter Collected 355 | 248 107 . Remotely . | . . . Salvage Created 151 | 13 107 31 Parts 14 | 4 10 . Haulers Intercepted . | . . . Recyclers Shooed 1 | . 1 . Parts Field Recycled . | . . . Retrieved Matter . | . . . Parts Self-Destructed . | . . . Prevented . | . . . Kills | -11 -10 -10 ------- Run | Yrd Mat Min Combat Hostiles Destroyed 16 | . 2 14 Guns 2 | . 2 . AOE 14 | . . 14 Classes Destroyed 4 | 1 2 1 Builder 1 | . 1 . Tunneler 1 | 1 . . Grunt 2 | . 2 . Assembled 14 | . . 14 Best Kill Streak 14 | 1 2 14 Combat Bots Only 14 | . 2 14 Max Kills in Single Turn 8 | 1 1 8 Gunslinging . | . . . Exploded 8 | . . 8 Melee . | . . . Uniques/NPCs Destroyed . | . . . Combat | -11 -10 -10 -------- Run | Yrd Mat Min Hostile Shots Fired 85 | . 53 32 Missed 16 | . 8 8 Damage Taken 980 | . 559 421 Core 263 | . 120 143 Absorbed by Shields . | . . . Core Remaining (%) 100 | 100 . . Volleys Fired 24 | 2 17 5 Largest 2 | 2 2 1 Hottest 40 | 40 40 33 Shots Fired 43 | 4 34 5 Gun 38 | 4 34 . Cannon . | . . . Launcher 5 | . . 5 Special . | . . . Kinetic 38 | 4 34 . Thermal . | . . . Explosive 5 | . . 5 Electromagnetic . | . . . Robot Hit Streak 9 | 4 9 2 Robot Miss Streak 2 | . 1 2 Penetration Max . | . . . Secondary Targets . | . . . Shots Hit Robots 33 | 4 27 2 Core Hits 40 | 1 6 33 Critical Kills . | . . . Critical Parts Destroyed . | . . . Critical Strikes . | . . . Melee Attacks . | . . . Impact . | . . . Slashing . | . . . Piercing . | . . . Sneak Attacks . | . . . Combat Hostiles . | . . . Follow-up Attacks . | . . . Damage Inflicted 1478 | 52 371 1055 Guns 396 | 52 344 . Cannons . | . . . Explosions 1055 | . . 1055 Melee . | . . . Ramming 27 | . 27 . Kinetic 396 | 52 344 . Thermal . | . . . Explosive 1055 | . . 1055 Electromagnetic . | . . . Impact . | . . . Slashing . | . . . Piercing . | . . . Highest Corruption 2 | . . 2 Average Corruption 2 | . . 2 Corruption Purged . | . . . Corruption Blocked . | . . . Overload Shots . | . . . Overflow Damage 34 | . . 34 Projectiles . | . . . Explosions 34 | . . 34 Melee . | . . . Knockbacks . | . . . Impact . | . . . Kinetic . | . . . Secondary . | . . . Self-Inflicted Damage 72 | . . 72 Shots 2 | . . 2 Rammed 4 | . 4 . Targets Rammed 4 | . 4 . Kicked . | . . . Crushed . | . . . Highest Temperature 44 | . 36 44 Average Temperature 20 | . 17 32 Received Heat Transfer 407 | . 327 80 Siege Activations . | . . . Robots Corrupted . | . . . Combat Hostiles . | . . . Parts Fried . | . . . Impact Corruptions . | . . . Robots Melted . | . . . Combat Hostiles . | . . . Parts Melted . | . . . Heat Transferred . | . . . Parts Sabotaged . | . . . Parts Stolen . | . . . Parts Stripped . | . . . Power Chain Reactions . | . . . Alert | -11 -10 -10 ------- Run | Yrd Mat Min Peak Influence 65 | 5 65 29 Initial . | . . . Average 16 | 3 22 5 Maximum Alert Level . | . . . Low Security (%) 100 | 100 100 100 Level 1 . | . . . Level 2 . | . . . Level 3 . | . . . Level 4 . | . . . Level 5 . | . . . High Security . | . . . Max Security . | . . . Squads Dispatched 2 | . 2 . Investigation 1 | . 1 . Extermination . | . . . Reinforcement 1 | . 1 . Assault . | . . . Garrison . | . . . Intercept . | . . . Searches Triggered . | . . . Construction Impeded . | . . . Haulers Reinforced . | . . . Active Scanning Responses . | . . . Cargo Convoy Interrupts . | . . . Stealth | -11 -10 -10 --------- Run | Yrd Mat Min Distress Signals 1 | . 1 . Communications Jammed . | . . . Distress Signals . | . . . Times Spotted 28 | . 9 19 Peak Tracking Total 19 | . 3 19 Tactical Retreats . | . . . Traps | -11 -10 -10 ------- Run | Yrd Mat Min Traps Triggered 1 | . 1 . Indirectly . | . . . Trap Hack Attempts . | . . . Triggered . | . . . Disarmed . | . . . Reprogrammed . | . . . Reused . | . . . Traps Extracted . | . . . Installed . | . . . Triggered . | . . . Machines | -11 -10 -10 ---------- Run | Yrd Mat Min Machines Disabled . | . . . Max in Single Turn . | . . . Machines Repaired . | . . . Machines Dismantled . | . . . Machines Sabotaged . | . . . Overloaded Fab Kills . | . . . Hacking | -11 -10 -10 --------- Run | Yrd Mat Min Machines Accessed 3 | . 3 . Terminals 3 | . 3 . Fabricators . | . . . Repair Stations . | . . . Recycling Units . | . . . Scanalyzers . | . . . Garrison Access . | . . . Total Hacks 8 | . 8 . Successful 4 | . 4 . Failed 4 | . 4 . Catastrophic . | . . . Database Lockouts . | . . . Manual 1 | . 1 . Terminals 8 | . 8 . Fabricators . | . . . Repair Stations . | . . . Recycling Units . | . . . Scanalyzers . | . . . Garrison Access . | . . . Terminal Hacks 4 | . 4 . Prototype ID Bank 1 | . 1 . Branch Access Points 1 | . 1 . Dispatch Records 1 | . 1 . Recall Investigation 1 | . 1 . Fabricator Hacks . | . . . Repair Station Hacks . | . . . Recycling Unit Hacks . | . . . Scanalyzer . | . . . Garrison Access Hacks . | . . . Unauthorized Hacks . | . . . Terminals . | . . . Fabricators . | . . . Repair Stations . | . . . Recycling Units . | . . . Scanalyzers . | . . . Garrison Access . | . . . Data Cores Recovered . | . . . Used . | . . . Hacking Detections 3 | . 3 . Full Trace Events . | . . . Feedback Events . | . . . Feedback Blocked . | . . . Robot Schematics Acquired . | . . . Robots Built . | . . . Authchips . | . . . Time . | . . . Total Robot Build Rating . | . . . Part Schematics Acquired . | . . . Parts Built . | . . . Authchips . | . . . Time . | . . . Total Part Build Rating . | . . . Parts Repaired . | . . . Time . | . . . Parts Recycled . | . . . Recycled Matter . | . . . Retrieved Matter . | . . . Retrieved Components . | . . . Parts Scanalyzed . | . . . Part Schematics Acquired . | . . . Parts Damaged . | . . . Bothacking | -11 -10 -10 ------------ Run | Yrd Mat Min Used RIF Installer . | . . . Robots Hacked . | . . . Non-combat . | . . . Combat . | . . . Robot Hacks Applied . | . . . Relay Couplers Released . | . . . Fabnet Peak Effective % . | . . . Robots Rewired . | . . . Allies Hacked . | . . . Hacks Repelled . | . . . Allies | -11 -10 -10 -------- Run | Yrd Mat Min Total Allies . | . . . Largest Group . | . . . Highest-Rated Group . | . . . Highest-Rated Ally . | . . . Total Orders . | . . . Ally Attacks . | . . . Total Damage . | . . . Kills . | . . . Allies Corrupted . | . . . Allies Melted . | . . . Intel | -11 -10 -10 ------- Run | Yrd Mat Min Robot Analysis Total . | . . . Derelict Logs Recovered . | . . . Drone Launches . | . . . Drone Recoveries . | . . . Exploration | -11 -10 -10 ------------- Run | Yrd Mat Min Turns Passed 1788 | 492 1271 25 Spaces Moved 771 | 42 720 9 Core 7 | 7 . . Treads 764 | 35 720 9 Legs . | . . . Wheels . | . . . Hover . | . . . Flight . | . . . Fastest Speed 50 | 50 160 160 Average Speed 159 | 141 160 160 Slowest Speed 160 | 160 160 160 Overloaded Moves . | . . . Propulsion Burnouts . | . . . Robots Hopped . | . . . Cave-ins Triggered . | . . . Exploration Rate (%) 26 | 5 65 8 Regions Visited 2 Branch Regions 1 Pre-discovered Areas . | . . . Known Exits Taken 1 | . 1 . Unknown Exits Taken 1 | 1 . . Scrap Searched . | . . . Spaces Dug . | . . . Terrain Destroyed 43 | . . 43 Melee . | . . . Projectile . | . . . AOE 43 | . . 43 Terrain Rammed . | . . . Walls Destroyed . | . . . Machines Disabled . | . . . Actions | -11 -10 -10 --------- Run | Yrd Mat Min Total 1292 | 471 806 15 Wait 452 | 416 36 . Move 769 | 41 719 9 Hop . | . . . Pick Up 24 | 7 17 . Fast Attach . | . . . Attach 13 | 5 7 1 Detach . | . . . Swap . | . . . Drop 6 | . 6 . Fire 24 | 2 17 5 Melee . | . . . Ram . | . . . Kick . | . . . Crush 4 | . 4 . Escape Stasis . | . . . Rewire . | . . . Trap . | . . . Miscellaneous . | . . . Route ------- -11/Scrapyard -10/Materials (discovered 4 exits: [*Mat x2] / *Min x2) -10/Mines History --------- Turn | Location | Event 36 | -11/Scrapyard | Discovered new exit (range 15) 493 | -11/Scrapyard | Entered Materials 494 | -10/Materials | Build established: Mutant 513 | -10/Materials | Identified exit to Mines 979 | -10/Materials | Discovered new exit (range 14) 1684 | -10/Materials | Discovered new exit (range 16) 1764 | -10/Materials | Entered Mines 1765 | -10/Mines | Assembled infested the area 1780 | -10/Mines | Core integrity fell below 50% 1783 | -10/Mines | Core integrity fell below 20% 1789 | -10/Mines | Destroyed by as-93706 with Assembled Heavy Rifle Last Messages --------------- as-70717 destroyed. Targeting Computer destroyed. System corrupted by crushing effect (+2). Lgt. Ion Engine destroyed. as-76990 destroyed. Destroyed Asb. F-torch. as-48029 destroyed. as-45610 destroyed. as-79035 destroyed. as-82890 destroyed. as-64374 destroyed. as-06117 destroyed. Destroyed Asb. Hover Unit. as-43819 destroyed. as-21500 destroyed. as-46639 destroyed. as-94697 destroyed. Destroyed Asb. F-torch. as-74271 destroyed. The unstable cave ceiling collapses. Map ----- +----------------------------------------------------+ | ??????????????????????????????????????? | | ??????????????????????????????????????? | | ??????????????????????????????????????? | | ??????????????????????????????????????? | | ???????????????????# ?????????????????? | | ??????????????????# ?????????????????? | | ??????????????????# ????????????????? | | ???????????????#?## ????????????????? | | ??????????????? ## ????????????????? | | ???????????????? ????????????????? | | ????????????????? ????????????????? | | ????????????????? #???????????????? | | ?????????????????? ##?????????????? | | ??????????????????? ##????????????? | | ???????????????????? #????????????? | | ????????????????????? #????????????? | | ?????????????????????# ##???????????? | | ?????????????????????# ##??????????? | | ?????????????????????# ##?????????? | | ?????????????????????## #?????????? | | ??????????????????????## #?????????? | | ????????????????????#?## ##????????? | | ????????????????????# # #????????? | | ?????????????????????# #????????? | | ?????????????????????# #????????? | | ??????????????????????# a@ #????????? | | ??????????????????????# a #????????? | | ????????????????????? a #????????? | | ??????????????????? a #????????? | | ?????????????????< a % ???????? | | ??????????????? a ??????? | | ????????????? ## # # ?????? | | ???????????? ??# #?## ????? | | ????????????? ???# #????# ???? | | ????????????? ????####??????# ###??? | | ??????????????#????????????????###????? | | ??????????????????????????????????????? | | ??????????????????????????????????????? | | | | | | | | | | | | | | | | | | | | | | | | | +----------------------------------------------------+ Best States ------------- Heat Dissipation 25 Energy Generation 10 Energy Capacity 250 Matter Stores 286 Matter Capacity 300 Sight Range 16 Terrain Scan Density 10 Evasion (%) 40 Targeting Accuracy 10 Recoil Reduction 2 Item Schematics ----------------- None Robot Schematics ------------------ None Fabricated ------------ Nothing Alien Tech Used ----------------- None Achievements -------------- GoHome() Challenges ------------ None Game ------ Seed DecoyDimensionalBlaster Manual? 0 Play Time 00:07:13 Cumulative 12.5 hours Start 2024.08.18 @ 10:51:04 End 2024.08.18 @ 10:57:40 Sessions 1 Manual Loads 0 Difficulty Rogue Special Mode None Game No. 24 Rogue 24 Adventurer 0 Explorer 0 Win Type - Total 0 Types 0/0/0/0/0/0/0/0/0 Lore% 7 Gallery% 18 Achievement% 13 Wizard Run 0 Options --------- Layout 0 ASCII 0 Keyboard 0 Movement Arrows Keybinds 0 Fullscreen 2 Font 24/Smallcaps Map View 56x25 Zoom Use 87% Tactical HUD 0 Map Filters NONE Filters NONE Steam 1 RUN: d876e75d-32b6-4be4-8a1c-8770fc1990e3